 Dungeon Crawl Stone Soup version 0.20.1-1-g8b1a95d (webtiles) character file.

2428 vineage the Basher (level 9, -6/55 HPs)
             Began as a Gargoyle Fighter on Sept 2, 2017.
             Was a Follower of Okawaru.
             Mangled by an orc warrior
             ... wielding a +0 glaive
              (17 damage)
             ... on level 7 of the Dungeon.
             The game lasted 00:09:58 (5998 turns).

vineage the Basher (Gargoyle Fighter)               Turns: 5998, Time: 00:09:59

Health: -6/55      AC: 14    Str: 23    XL:     9   Next: 48%
Magic:  9/9        EV:  9    Int:  8    God:    Okawaru [*.....]
Gold:   512        SH: 12    Dex: 10    Spells: 8/8 levels left

rFire    . . .     SeeInvis .   l - +3 flail (drain)
rCold    + . .     Gourm    .   c - +1 shield
rNeg     + . .     Faith    .   b - +0 scale mail
rPois    ∞         Spirit   .   (no helmet)
rElec    +         Reflect  .   (no cloak)
rCorr    .         Harm     .   (no gloves)
MR       .....                  y - +0 pair of boots
Stlth    ..........             (no amulet)
Regen    0.2/turn               (no ring)
MPRegen  0.2/turn               i - ring of protection from cold

@: no status effects
A: negative energy resistance 1, electricity resistance, unbreathing,
petrification resistance, rot immunity, AC +5
a: Heroism, Renounce Religion


You were on level 7 of the Dungeon.
You worshipped Okawaru.
Okawaru was aware of your devotion.
You were not hungry.

You visited 2 branches of the dungeon, and saw 8 of its levels.
You also visited: Ossuary and Bailey.

You collected 512 gold pieces.

Inventory:

Hand Weapons
 a - a +0 flail
 l - a +3 flail of draining (weapon)
Armour
 b - a +0 scale mail (worn)
 c - a +1 shield (worn)
 y - a +0 pair of boots (worn)
Jewellery
 d - a cursed +1 ring of evasion {unknown}
 i - a ring of protection from cold (right hand)
 z - an uncursed ring of see invisible {unknown}
Wands
 k - a wand of flame (11/48)
 x - a wand of acid (6/15)
Scrolls
 e - 4 scrolls of identify
 j - a scroll of teleportation
 n - 3 scrolls of remove curse
 o - 2 scrolls of recharging
 r - a scroll of magic mapping {unknown}
 t - 3 scrolls of blinking
 w - a scroll of fog
 A - a scroll of enchant armour
Potions
 g - 2 potions of cancellation
 m - 2 potions of flight
 p - 2 potions of resistance
 q - 2 potions of brilliance
 u - 2 potions of curing
 v - a potion of heal wounds
Comestibles
 f - 11 bread rations
 h - 2 royal jellies
 s - 2 meat rations


   Skills:
 + Level 5.9 Fighting
 + Level 8.2 Maces & Flails
 + Level 6.2 Armour
 + Level 3.1 Dodging
 + Level 0.5 Stealth
 + Level 7.0 Shields
 + Level 0.2 Invocations


You had 8 spell levels left.
You didn't know any spells.

Dungeon Overview and Level Annotations

Branches:
Dungeon (7/15)             Temple (1/1) D:5

Altars:
Ashenzari
Dithmenos
Elyvilon
Gozag
Hepliaklqana
Makhleb
Nemelex Xobeh
Okawaru
Qazlal
Uskayaw
Xom
The Shining One
Lugonu


Innate Abilities, Weirdness & Mutations

You are resistant to torment.
Your stone body is resilient. (AC +5)
You are immune to poison.
You resist negative energy. (rN+)
You are resistant to electric shocks. (rElec)
You can survive without breathing.
You are immune to petrification.
You are immune to rotting.


Message History

You closely miss the orc. You block the orc's attack.
The orc barely misses you. You block the orc warrior's attack.
You block the orc warrior's attack.
The orc warrior hits you from afar with a glaive!
* * * LOW HITPOINT WARNING * * *
You block the orc's attack.
There is a gate leading back out of this place here.
You block the orc warrior's attack. The orc warrior barely misses you.
The orc hits you but does no damage.
Welcome back to the Dungeon!
There is an empty arch of ancient stone here.
You barely miss the orc. You block the orc warrior's attack.
The orc misses you.
You sock the orc warrior!
The orc warrior is moderately wounded.
You block the orc warrior's attack. The orc closely misses you.
You closely miss the orc warrior.
The orc warrior is moderately wounded.
The orc warrior hits you with a glaive!
You die...

≈###
####.##.#####.
#..........
#..#######.
###..##...
#.........#
########.#..##....
#...........# ###
##..o.........#
#..)@o..##.......
#...)...###.#####
#.......# #.#
#.####### .# #. +#
#


You could see an orc warrior and an orc.

Vanquished Creatures
  Pikel (D:6)
  Sigmund (D:5)
  The ghost of Crownlay the Skirmisher, an amateur MiBe of Trog (D:3)
  2 orc warriors (Bailey)
  A sky beast (D:5)
  A slave (D:6)
  2 ice beasts
  2 ogres
  Blork the orc (D:4)
  A wight (D:7)
  2 howler monkeys
  2 crimson imps (D:7)
  2 hounds
  A bullfrog zombie (D:7)
  An orc priest (D:4)
  4 orc wizards
  3 worker ants
  8 big kobold zombies (Ossuary)
  A mummy (Ossuary)
  4 gnolls (D:7)
  11 adders
  A howler monkey skeleton (D:4)
  2 shadow imps
  An ooze (D:3)
  5 worms
  3 dart slugs
  3 leopard geckos
  26 orcs
  2 spectral bats (Ossuary)
  3 ball pythons
  6 bats
  5 giant cockroaches
  3 gnoll zombies (Ossuary)
  9 goblins
  4 hobgoblins
  9 jackals
  2 bat simulacra (Ossuary)
  7 frilled lizards
  6 goblin simulacra (Ossuary)
  5 goblin zombies (Ossuary)
  2 hobgoblin zombies (Ossuary)
  5 kobolds
  2 kobold simulacra (Ossuary)
  6 kobold zombies (Ossuary)
  A leopard gecko skeleton (D:4)
  4 orc zombies (Ossuary)
  A quokka skeleton (D:6)
  4 rats
  3 rat simulacra (Ossuary)
  4 spectral kobolds (Ossuary)
  2 spectral rats (Ossuary)
188 creatures vanquished.

Vanquished Creatures (others)
  A hound (D:6)
  A gnoll (D:6)
  12 plants (D:7)
14 creatures vanquished.

Grand Total: 202 creatures vanquished

Notes
Turn   | Place    | Note
-------+----------+-------------------------------------------
     0 | D:1      | vineage the Gargoyle Fighter began the quest for the Orb.
     0 | D:1      | Reached XP level 1. HP: 14/14 MP: 1/1
   302 | D:1      | Reached XP level 2. HP: 19/19 MP: 2/2
   729 | D:1      | Reached XP level 3. HP: 24/24 MP: 3/3
  1076 | D:2      | Reached XP level 4. HP: 7/29 MP: 4/4
  1214 | D:2      | Noticed a dagger
  1214 | D:2      | Found a hide-covered altar of Uskayaw.
  1215 | D:2      | Noticed a dagger
  1408 | D:2      | Reached skill level 3 in Maces & Flails
  1887 | D:3      | Reached XP level 5. HP: 21/33 MP: 5/5
  1902 | D:3      | Found a faded altar of an unknown god.
  1916 | D:3      | Reached skill level 1 in Dodging
  2424 | D:3      | Noticed Crownlay's ghost (amateur MiBe)
  2448 | D:3      | Killed Crownlay's ghost
  2448 | D:3      | Reached skill level 4 in Maces & Flails
  2448 | D:3      | Reached XP level 6. HP: 26/38 MP: 6/6
  2508 | D:3      | Found an opulent altar of Gozag.
  3101 | D:4      | Reached XP level 7. HP: 42/44 MP: 7/7
  3115 | D:4      | Reached skill level 5 in Shields
  3289 | D:4      | Noticed Blork the orc
  3294 | D:4      | Killed Blork the orc
  3602 | D:4      | Found a shadowy altar of Dithmenos.
  3790 | D:5      | Entered Level 5 of the Dungeon
  3819 | D:5      | Reached skill level 5 in Maces & Flails
  3902 | D:5      | Reached skill level 5 in Armour
  3979 | D:5      | Found a sand-covered staircase.
  3982 | D:5      | Noticed Sigmund
  3999 | D:5      | Killed Sigmund
  3999 | D:5      | Reached XP level 8. HP: 39/48 MP: 8/8
  4004 | Ossuary  | Entered an ossuary
  4054 | Ossuary  | Reached skill level 5 in Fighting
  4240 | Ossuary  | Reached skill level 6 in Maces & Flails
  4629 | D:5      | Found a staircase to the Ecumenical Temple.
  4643 | Temple   | Entered the Ecumenical Temple
  4659 | Temple   | Became a worshipper of Warmaster Okawaru
  4737 | D:6      | Noticed Pikel
  4748 | D:6      | Killed Pikel
  4748 | D:6      | Reached skill level 7 in Maces & Flails
  4748 | D:6      | Reached XP level 9. HP: 55/55 MP: 9/9
  4983 | D:6      | Found a hazy altar of Hepliaklqana.
  5074 | D:6      | Found a glowing golden altar of the Shining One.
  5247 | D:7      | Found a shattered altar of Ashenzari.
  5483 | D:7      | Reached skill level 8 in Maces & Flails
  5538 | D:7      | Reached * piety under Okawaru
  5584 | D:7      | Found a flagged portal.
  5605 | Bailey   | Entered a bailey
  5998 | D:7      | Mangled by an orc warrior

Skill      XL: |  1  2  3  4  5  6  7  8  9 |
---------------+----------------------------+-----
Shields        | 4 5 6 7 |  7.0
Maces & Flails | 3 4 5 7 8 |  8.2
Dodging        | 1 2 3 |  3.1
Fighting       | 4 5 |  5.9
Armour         | 4 5 6 |  6.2
Stealth        | |  0.5
Invocations    | |  0.2

Action                   |  1- 3 |  4- 6 |  7- 9 || total
-------------------------+-------+-------+-------++-------
Melee: Flail             |   161 |   251 |   415 ||   827
Invok: Heroism           |       |       |     1 ||     1
  Use: Scroll            |       |    12 |     7 ||    19
       Potion            |       |     5 |     2 ||     7
  Eat: Chunk             |       |     6 |     3 ||     9
       Royal jelly       |       |     1 |       ||     1
       Meat ration       |       |       |     2 ||     2
Armor: Scale mail        |    84 |   130 |   219 ||   433
Dodge: Dodged            |    51 |    71 |   186 ||   308
Block: Shield            |    98 |   146 |   279 ||   523
